 Dungeon Crawl Stone Soup version 0.24.0-125-gc4c63601f3 (webtiles) character file.

Game seed: 12099991931353751717, levelgen mode: deterministic

210402 Johnny the Metallomancer (level 17, -10/214 HPs)
             Began as a Demigod Earth Elementalist on Feb 20, 2020.
             Mangled by a ghost moth (13 damage)
             ... on level 2 of the Spider Nest.
             The game lasted 01:14:33 (41876 turns).

Johnny the Metallomancer (DgEE)                    Turns: 41876, Time: 01:14:33

Health: -10/214    AC: 12    Str:  5 (16) XL:     17   Next: 92%
Magic:  0/49       EV: 17    Int: 32 (38) God:
Gold:   1331       SH:  0    Dex: 17 (20) Spells: 15/50 levels left

rFire    . . .     SeeInvis .   D - +6 Majin-Bo {vamp, Archmagi MP+6 Int+6}
rCold    . . .     Gourm    .   (shield currently unavailable)
rNeg     . . .     Faith    .   N - +2 robe {Archmagi}
rPois    +         Spirit   .   U - +2 hat {Int+3}
rElec    .         Reflect  .   u - +2 cloak
rCorr    .         Harm     .   I - +2 pair of gloves "Cadit" {rPois Dex+4 Stlth-}
MR       +....                  (no boots)
Stlth    ..........             Y - amulet of magic regeneration
HPRegen  0.45/turn              z - +5 ring of evasion
MPRegen  0.56/turn              g - ring of wizardry

@: berserking (expiring), studying Air Magic, very quick
A: high mp 1
a: no special abilities


You were on level 2 of the Spider Nest.
You were near starving.

You visited 6 branches of the dungeon, and saw 31 of its levels.
You visited the Abyss 1 time.
You also visited: Sewer, Ossuary and Ice Cave.

You collected 3414 gold pieces.
You spent 2083 gold pieces at shops.

Inventory:

Hand Weapons
 D - the +6 Majin-Bo (weapon) {vamp, Archmagi MP+6 Int+6}
   (You took it off a deep elf sorcerer on level 3 of the Elven Halls)

   It inflicts no extra harm, but heals its wielder when it wounds a living foe.
   It affects your intelligence (+6).
   It affects your magic capacity (+6).
Missiles
 G - 323 stones (quivered)
Armour
 u - a +2 cloak (worn)
 H - a +2 robe of fire resistance
 I - the +2 pair of gloves "Cadit" (worn) {rPois Dex+4 Stlth-}
   (You found it on level 3 of the Elven Halls)

   It affects your dexterity (+4).
   It protects you from poison.
   It makes you less stealthy.
 N - a +2 robe of the Archmagi (worn)
 U - a +2 hat of intelligence (worn)
Magical Staves
 E - an uncursed staff of energy
 K - an uncursed staff of power
 O - an uncursed staff of earth
Jewellery
 c - the ring "Voutuotu" {+Inv rPois rN++ Int-2 Dex-2}
   (You took it off a deep elf death mage on level 3 of the Elven Halls)

   [ring of poison resistance]

   It affects your intelligence (-2).
   It affects your dexterity (-2).
   It protects you from poison.
   It greatly protects you from negative energy.
   It lets you turn invisible.
 g - a ring of wizardry (right hand)
 l - an uncursed ring of resist corrosion
 y - an uncursed ring of protection from fire
 z - a +5 ring of evasion (left hand)
 M - an uncursed ring of protection from cold
 Y - an amulet of magic regeneration (around neck)
Wands
 n - a wand of polymorph (6)
 P - a wand of enslavement (2)
 Q - a wand of paralysis (13)
 W - a wand of disintegration (12)
Scrolls
 a - 4 scrolls of magic mapping
 b - 4 scrolls of blinking
 f - 10 scrolls of fog
 i - 19 scrolls of remove curse
 j - 11 scrolls of enchant armour
 t - 3 scrolls of fear
 w - 13 scrolls of teleportation
 B - 4 scrolls of vulnerability
 F - 5 scrolls of immolation
 T - a scroll of summoning
Potions
 e - 9 potions of flight
 h - a potion of invisibility
 k - 14 potions of curing
 m - 3 potions of agility
 o - 4 potions of might
 p - 2 potions of magic
 q - 8 potions of mutation
 r - a potion of brilliance
 s - 2 potions of heal wounds
 A - 3 potions of berserk rage
 L - 3 potions of ambrosia
 R - 4 potions of degeneration
 S - 3 potions of lignification
 V - 3 potions of haste
 X - a potion of resistance
 Z - a potion of cancellation {unknown}
Books
 J - a manual of Air Magic
Miscellaneous
 v - a phantom mirror
Comestibles
 d - 51 rations


   Skills:
 + Level 10.9 Fighting
 - Level 1.7 Dodging
 - Level 1.7 Stealth
 + Level 17.1 Spellcasting
 - Level 0.8 Transmutations
 * Level 22.1 Earth Magic


You had 15 spell levels left.
You knew the following spells:

 Your Spells              Type           Power        Failure   Level  Hunger
a - Sandblast             Erth           ######       0%          1    None
b - Stone Arrow           Conj/Erth      ######       1%          3    None
c - Lee's Rapid Deconstr  Erth           #########.   0%          5    None
d - Petrify               Tmut/Erth      ########     1%          4    None
e - Passwall              Tmut/Erth      ########     0%          2    None
f - Blink                 Tloc           N/A          1%          2    None
h - Shatter               Erth           #########.   7%          9    #######
i - Regeneration          Chrm/Necr      ######....   1%          3    None
o - Iron Shot             Conj/Erth      ########..   1%          6    #......

Your spell library contained the following spells:

 Spells                   Type           Power        Failure   Level  Hunger
 Animate Skeleton         Necr           N/A          1%          1    None
 Beastly Appendage        Tmut           ######       1%          1    None
 Flame Tongue             Conj/Fire      #####        1%          1    None
 Magic Dart               Conj           ####         1%          1    None
 Pain                     Necr           ####         1%          1    None
 Sting                    Conj/Pois      ####         1%          1    None
 Call Imp                 Summ           ######..     1%          2    None
 Corpse Rot               Necr           N/A          1%          2    None
 Poisonous Vapours        Pois/Air       ######       1%          2    None
 Shroud of Golubria       Chrm/Tloc      ######       1%          2    None
 Slow                     Hex            ######..     1%          2    None
 Sticks to Snakes         Tmut           ######..     1%          2    None
 Swiftness                Chrm/Air       ######..     1%          2    None
 Throw Flame              Conj/Fire      ######       1%          2    None
 Conjure Flame            Conj/Fire      ######..     1%          3    None
 Gell's Gravitas          Tloc           ######....   1%          3    None
 Inner Flame              Hex/Fire       ######..     1%          3    None
 Lesser Beckoning         Tloc           ######....   1%          3    None
 Mephitic Cloud           Conj/Pois/Air  ######..     1%          3    None
 Spectral Weapon          Hex/Chrm       ######..     1%          3    None
 Spider Form              Tmut/Pois      ######....   1%          3    None
 Teleport Other           Tloc           ######..     1%          3    None
 Vampiric Draining        Necr           ######....   1%          3    None
 Leda's Liquefaction      Hex/Erth       ########..   1%          4    None
 Bolt of Magma            Conj/Fire/Erth ########..   1%          5    None
 Statue Form              Tmut/Erth      ########.    1%          6    #......
 Ice Form                 Ice/Tmut       ######..     4%          4    None
 Animate Dead             Necr           N/A          6%          4    None
 Passage of Golubria      Tloc           N/A          6%          4    None
 Sticky Flame             Conj/Fire      ######..     6%          4    None
 Summon Ice Beast         Ice/Summ       ######..     6%          4    None
 Summon Lightning Spire   Summ/Air       ######..     6%          4    None
 Blade Hands              Tmut           ######....   12%         5    None
 Excruciating Wounds      Chrm/Necr      ######....   16%         5    None
 Fireball                 Conj/Fire      ######....   16%         5    None
 Iskenderun's Battlesphe  Conj/Chrm      ######..     16%         5    None
 Metabolic Englaciation   Hex/Ice        ######....   16%         5    None
 Silence                  Hex/Air        ######....   16%         5    None
 Summon Forest            Summ/Tloc      ######....   16%         5    None
 Venom Bolt               Conj/Pois      ######....   16%         5    None
 Hydra Form               Tmut           ######....   52%         6    #......
 Bolt of Cold             Conj/Ice       ######....   63%         6    #......
 Conjure Ball Lightning   Conj/Air       ######....   63%         6    #......
 Deflect Missiles         Chrm/Air       ######....   63%         6    #......
 Freezing Cloud           Conj/Ice/Air   ######....   63%         6    #......
 Ozocubu's Refrigeration  Ice            ######....   63%         6    #......
 Simulacrum               Ice/Necr       ######....   63%         6    #......
 Orb of Destruction       Conj           ######....   99%         7    ####...
 Ring of Flames           Chrm/Fire      ######....   99%         7    ####...
 Spellforged Servitor     Conj/Summ      ######....   99%         7    ####...
 Summon Hydra             Summ           ######....   99%         7    ####...
 Tornado                  Air            ######....   100%        9    #######


Dungeon Overview and Level Annotations

Branches:
Dungeon (15/15)            Temple (0/1) D:7            Lair (6/6) D:9
 Shoals (1/4) Lair:3       Spider (4/4) Lair:4        Slime (0/5) Lair:5
    Orc (2/2) D:12            Elf (3/3) Orc:2        Vaults (0/5) D:14
 Depths (0/5) D:15          Sewer (visited)         Ossuary (visited)
  IceCv (visited)

Shops:
D:9 (   Orc:1 }   Orc:2 :*[(   Elf:1 ?   Elf:3 =

Portals:
Trove: D:13 (give 13 scrolls of teleportation)

Annotations:
D:4 2 transporters


Innate Abilities, Weirdness & Mutations

You have an increased reservoir of magic. (+10% MP)


Message History

Something hits you.
* * * LOW HITPOINT WARNING * * *
Something stings you.
* * * LOW HITPOINT WARNING * * *
Unknown command.
You hit something.
You feel you are being watched by something.
You feel your power leaking away. Something hits you but does no damage.
Something hits you.
* * * LOW HITPOINT WARNING * * *
You feel dopey.
Something stings you but does no damage.
Unknown command.
You hit something.
You feel better.
You feel you are being watched by something.
You feel your power leaking away. Something hits you!
* * * LOW HITPOINT WARNING * * *
Something hits you!
You die...

#.#### #......### ##..###.#
###.#..########.....#.###....#...
....###..#.#.........#........###
.....###........##..####.....####
...............############.####.
###..##..........# ##^...######..
###.###..........# #......####...
..#.##..........{###........##...
....###.........@##.........###..
....# #...........#..........##..
....# #.............#........###.
....###.........#...###.......##.
....#.............### #####...##.
###..##........##.# ###.###...
##.#####......##########.^###....
....## #......#..#.##....###.....
.....###........#.#.....#........


There were no monsters in sight!

Vanquished Creatures
  A deep elf master archer (Elf:3)
  An Executioner (Abyss:3)
  Gastronok (Orc:1)
  Roxanne (Elf:2)
  Kirke (Lair:5)
  A frost giant (IceCv)
  12 deep elf sorcerers
  A cacodemon (Abyss:3)
  2 orc warlords
  2 emperor scorpions
  2 deep elf elementalists (Elf:3)
  3 very ugly things (Abyss:3)
  An entropy weaver (Spider:2)
  8 deep elf demonologists
  3 deep elf annihilators (Elf:3)
  5 deep elf death magi (Elf:3)
  7 deep elf high priests (Elf:3)
  6 hydras
  2 merfolk avatars (Shoals:1)
  A vault guard (D:14)
  2 ice dragons (D:15)
  2 centaur warriors (D:14)
  A catoblepas (Lair:2)
  The ghost of barcode the Transmogrifier, a novice DrTm of Elyvilon (Lair:1)
  A queen ant (Lair:3)
  6 two-headed ogres
  5 orc high priests
  19 dancing weapons
  2 death yaks (IceCv)
  18 deep elf knights
  The ghost of Arehet the Covert, a novice VSAs (D:10)
  An unseen horror (D:11)
  3 starcursed masses (Abyss:3)
  Pikel (D:3)
  16 deep elf archers
  11 orb spiders
  4 orc knights
  73 deep elf magi
  6 orc sorcerers
  2 ugly things
  25 wolf spiders
  4 cyclopes
  7 elephants
  3 centaur zombies
  An ice statue (IceCv)
  6 black mambas
  A merfolk siren (Shoals:1)
  A water nymph (Orc:2)
  2 orange demons (Abyss:3)
  2 gargoyles
  2 smoke demons (Abyss:3)
  A komodo dragon (shapeshifter) (D:10)
  A rime drake (shapeshifter) (Elf:3)
  An efreet (Abyss:3)
  8 komodo dragons
  3 rime drakes
  10 spiny frogs
  9 demonic crawlers
  A hellwing (Abyss:3)
  A tengu conjurer (D:15)
  5 trolls
  21 jumping spiders
  3 raiju (Lair:6)
  3 hornets
  8 hippogriffs
  20 polar bears
  A dream sheep (Lair:6)
  3 blink frogs (Lair:6)
  2 air elementals
  42 redbacks
  2 shadows
  13 tarantellas
  5 water elementals
  3 wraiths
  A spriggan (D:7)
  3 wyverns
  A fire elemental (Elf:2)
  3 hogs (Lair:5)
  65 yaks
  3 basilisks
  2 hungry ghosts
  2 chaos spawn (Abyss:3)
  5 vampire mosquitoes
  A small abomination (Abyss:3)
  A large abomination (Abyss:3)
  An acid dragon (D:12)
  6 wargs
  15 soldier ants
  Edmund (D:5)
  15 porcupines
  17 water moccasins
  14 hell hounds (Lair:6)
  10 ice beasts
  3 slaves
  12 ogres
  49 orc warriors
  12 black bears
  4 phantoms
  4 sky beasts
  A necrophage (D:12)
  3 eyes of draining
  7 centaurs
  39 wolves
  12 crocodiles
  Blork the orc (D:5)
  3 big kobolds (D:11)
  18 bullfrogs
  A wyvern zombie (D:10)
  3 earth elementals
  3 elf skeletons (D:6)
  6 scorpions
  21 killer bees
  2 howler monkeys
  12 wights
  4 electric eels
  8 crimson imps
  3 bullfrog zombies
  A wyvern simulacrum (D:11)
  A human zombie (D:6)
  3 quasits
  7 centaur skeletons
  7 hounds
  8 jellies
  6 iguanas
  22 orc priests
  A gnoll shaman (D:5)
  21 orc wizards
  Ijyb (D:5)
  3 bullfrog skeletons
  Terence (D:3)
  Crazy Yiuf (D:3)
  Jessica (D:6)
  32 worker ants
  Natasha (thrice) (D:3)
  A hound zombie (D:11)
  13 mummies (Ossuary)
  4 gnolls (D:5)
  15 adders
  3 shadow imps
  A worker ant simulacrum (D:11)
  11 oozes (Sewer)
  3 adder skeletons
  An adder zombie (D:7)
  A worm (D:3)
  23 leopard geckos
  97 orcs
  19 giant cockroaches
  6 hobgoblins
  9 jackals
  3 quokkas
  14 ball pythons
  17 bats
  11 frilled lizards
  5 gnoll skeletons (Ossuary)
  9 goblins
  A goblin skeleton (Ossuary)
  19 kobolds
  An orc zombie (D:6)
  A quokka skeleton (D:5)
  A quokka zombie (D:7)
  10 rats
  11 rat skeletons (Ossuary)
  A fungus (Lair:1)
  6 plants
1289 creatures vanquished.

Vanquished Creatures (collateral kills)
  An orc warrior (Orc:1)
  An ogre (Orc:1)
  An orc wizard (Orc:1)
  2 orc priests (Orc:1)
  An orc (Orc:1)
6 creatures vanquished.

Vanquished Creatures (others)
  A komodo dragon (Lair:1)
  A jumping spider (Spider:2)
  3 polar bears (IceCv)
  A kobold skeleton (Ossuary)
  An orc skeleton (Ossuary)
  2 fungi (Lair:3)
  8 plants
17 creatures vanquished.

Grand Total: 1312 creatures vanquished

Notes
Turn   | Place    | Note
-------+----------+-------------------------------------------
     0 | D:1      | Johnny the Demigod Earth Elementalist began the quest for
                  | the Orb.
     0 | D:1      | Reached XP level 1. HP: 14/14 MP: 5/5
   221 | D:1      | Reached skill level 3 in Earth Magic
   395 | D:1      | Reached XP level 2. HP: 20/20 MP: 2/7
   967 | D:2      | Reached XP level 3. HP: 3/26 MP: 4/9
   967 | D:2      | HP: 1/26 [goblin/+0 dagger (1)]
  1493 | D:2      | Found a faded altar of an unknown god.
  1521 | D:2      | Found an ornate altar of the Wu Jian Council.
  1522 | D:2      | Found a sparkling altar of Nemelex Xobeh.
  1522 | D:2      | Found a shadowy altar of Dithmenos.
  1526 | D:2      | Found a hide-covered altar of Uskayaw.
  1526 | D:2      | Found a sacrificial altar of Ru.
  1527 | D:2      | Found a shattered altar of Ashenzari.
  1855 | D:3      | Noticed Natasha
  1860 | D:3      | Killed Natasha
  1860 | D:3      | Reached XP level 4. HP: 22/33 MP: 9/11
  1911 | D:3      | Noticed Natasha
  1912 | D:3      | Noticed a bullfrog
  1917 | D:3      | Killed Natasha
  1917 | D:3      | Reached skill level 4 in Earth Magic
  1928 | D:3      | Killed a bullfrog
  1928 | D:3      | Reached XP level 5. HP: 9/38 MP: 1/13
  2134 | D:3      | Noticed Natasha
  2138 | D:3      | Killed Natasha
  2377 | D:3      | Noticed Terence
  2388 | D:3      | Killed Terence
  2571 | D:3      | Found a runed translucent door.
  2572 | D:3      | Noticed Crazy Yiuf
  2744 | D:3      | Found a radiant altar of Vehumet.
  2830 | D:3      | Killed Crazy Yiuf
  2830 | D:3      | Reached XP level 6. HP: 45/45 MP: 12/15
  2875 | D:4      | Reached skill level 5 in Earth Magic
  3751 | D:4      | Noticed Pikel
  3959 | D:3      | Killed Pikel
  3959 | D:3      | Reached skill level 5 in Spellcasting
  3959 | D:3      | Reached skill level 6 in Earth Magic
  3959 | D:3      | Reached XP level 7. HP: 33/50 MP: 12/19
  4246 | D:4      | Learned a level 3 spell: Stone Arrow
  4252 | D:4      | Learned a level 5 spell: Lee's Rapid Deconstruction
  4257 | D:4      | Learned a level 4 spell: Petrify
  4423 | D:4      | Found a transporter.
  4423 | D:4      | Noticed a hornet
  4424 | D:4      | Found a hazy altar of Hepliaklqana.
  4429 | D:4      | Found a transporter.
  4432 | D:4      | Reached XP level 8. HP: 40/57 MP: 18/20
  4505 | D:5      | Entered Level 5 of the Dungeon
  4561 | D:5      | Reached skill level 7 in Earth Magic
  4770 | D:5      | Noticed Blork the orc
  4777 | D:5      | Killed Blork the orc
  4942 | D:5      | Noticed Ijyb
  4946 | D:5      | Killed Ijyb
  5200 | D:5      | Noticed Edmund
  5205 | D:5      | Killed Edmund
  5232 | D:5      | Found a glowing drain.
  5242 | Sewer    | Entered a sewer
  5723 | Sewer    | Reached skill level 8 in Earth Magic
  6451 | D:6      | Learned a level 2 spell: Passwall
  6605 | D:6      | Reached XP level 9. HP: 14/62 MP: 2/24
  6612 | D:6      | Found a sand-covered staircase.
  6617 | Ossuary  | Entered an ossuary
  7931 | D:6      | Found a sparkling altar of Nemelex Xobeh.
  7931 | D:6      | Noticed Jessica
  7935 | D:6      | Killed Jessica
  7935 | D:6      | Reached skill level 9 in Earth Magic
  8925 | D:7      | Found a staircase to the Ecumenical Temple.
  9470 | D:8      | Reached skill level 10 in Earth Magic
  9649 | D:8      | Reached XP level 10. HP: 64/69 MP: 11/27
 10472 | D:9      | Noticed a two-headed ogre
 10475 | D:9      | Killed a two-headed ogre
 10650 | D:9      | Found a sparkling altar of Nemelex Xobeh.
 11039 | D:9      | Found Bitir's Weapon Shoppe.
 11145 | D:9      | Found a staircase to the Lair.
 11420 | D:10     | Entered Level 10 of the Dungeon
 11422 | D:10     | Reached skill level 10 in Spellcasting
 11422 | D:10     | Reached skill level 11 in Earth Magic
 11445 | D:10     | Reached skill level 1 in Fighting
 12156 | D:10     | Found a runed translucent gate.
 12156 | D:10     | Found a runed translucent gate.
 12156 | D:10     | Found a runed translucent gate.
 12156 | D:10     | Noticed Arehet's ghost (novice VSAs)
 12207 | D:10     | Reached XP level 11. HP: 81/81 MP: 24/29
 12569 | D:10     | Killed Arehet's ghost
 12663 | D:11     | Got an ivory whip
 12687 | D:11     | Noticed a two-headed ogre
 12689 | D:11     | Noticed a two-headed ogre
 12698 | D:11     | Killed a two-headed ogre
 12698 | D:11     | Reached skill level 12 in Earth Magic
 12709 | D:11     | Killed a two-headed ogre
 12764 | D:11     | Noticed a death yak
 12914 | D:11     | HP: 2/84 [something (5)]
 12921 | D:11     | HP: 3/84 [something (4)]
 12923 | D:11     | Killed an unseen horror
 12941 | D:11     | Noticed an eight-headed hydra
 12942 | D:11     | Found a frozen archway.
 12949 | D:11     | Killed an eight-headed hydra
 13006 | IceCv    | Entered an ice cave
 13630 | IceCv    | Reached skill level 5 in Fighting
 13637 | IceCv    | Noticed a death yak
 13648 | IceCv    | Reached skill level 13 in Earth Magic
 13650 | IceCv    | Killed a death yak
 13973 | IceCv    | Reached XP level 12. HP: 94/94 MP: 31/31
 14210 | IceCv    | Noticed a frost giant
 14750 | IceCv    | Killed a frost giant
 15296 | D:11     | Reached skill level 14 in Earth Magic
 16171 | D:11     | Learned a level 2 spell: Blink
 17154 | D:12     | Found a staircase to the Orcish Mines.
 17206 | Orc:1    | Entered Level 1 of the Orcish Mines
 17212 | Orc:1    | Noticed an orc warlord
 17726 | D:12     | Killed an orc warlord
 17726 | D:12     | Reached XP level 13. HP: 64/105 MP: 6/33
 17879 | Orc:1    | Noticed Gastronok
 17897 | Orc:1    | Killed Gastronok
 18014 | Orc:1    | Found a roughly hewn altar of Beogh.
 18213 | Orc:2    | Entered Level 2 of the Orcish Mines
 18507 | Orc:1    | Found Addexy's Gadget Emporium.
 18705 | Orc:2    | Found a staircase to the Elven Halls.
 18833 | Orc:2    | Reached skill level 15 in Earth Magic
 19743 | Orc:2    | Noticed an orc warlord
 19962 | Orc:1    | Killed an orc warlord
 20460 | Orc:2    | Found Marugo's General Store.
 20461 | Orc:2    | Found Buxaymp's Book Shoppe.
 20462 | Orc:2    | Found Rareshru's Antique Armour Emporium.
 20462 | Orc:2    | Found Ihownap's Antique Weapon Emporium.
 20476 | Orc:2    | Bought 15 stones for 16 gold pieces
 21133 | D:13     | Found a portal to a secret trove of treasure.
 22287 | D:14     | Found a gate to the Vaults.
 22874 | D:15     | Entered Level 15 of the Dungeon
 23011 | D:15     | Reached XP level 14. HP: 118/118 MP: 28/35
 23023 | D:15     | Reached skill level 16 in Earth Magic
 23461 | D:15     | Identified the cursed +0 whip of Asuupaod {elec, rN+ MR+
                  | Int+3 Dex+4} (You found it on level 11 of the Dungeon)
 23924 | D:15     | Found a staircase to the Depths.
 24234 | Orc:2    | Bought a manual of Spellcasting for 1987 gold pieces
 24388 | Lair:1   | Entered Level 1 of the Lair of Beasts
 25178 | Lair:1   | Found a runed translucent door.
 25179 | Lair:1   | Noticed barcode's ghost (novice DrTm)
 25531 | Lair:1   | Killed barcode's ghost
 26653 | Lair:3   | Reached skill level 10 in Fighting
 27974 | Lair:3   | Found a staircase to the Shoals.
 28464 | Shoals:1 | Entered Level 1 of the Shoals
 28844 | Lair:4   | Reached skill level 17 in Earth Magic
 28934 | Lair:4   | Found a hole to the Spider Nest.
 29746 | Lair:5   | Noticed Kirke
 29750 | Lair:5   | Killed Kirke
 29941 | Lair:5   | Found a staircase to the Slime Pits.
 30434 | Lair:6   | Entered Level 6 of the Lair of Beasts
 30496 | Lair:6   | Got a steaming leather armour
 30628 | Lair:6   | Identified the +4 leather armour "Deguem" {rF+ Dex+3} (You
                  | found it on level 6 of the Lair of Beasts)
 30702 | Lair:6   | Reached XP level 15. HP: 114/128 MP: 12/38
 32444 | Elf:1    | Entered Level 1 of the Elven Halls
 32463 | Elf:1    | Found a radiant altar of Vehumet.
 32507 | Elf:1    | Reached skill level 15 in Spellcasting
 32987 | Elf:1    | Identified the Disquisition on Supportive Attacks
 33007 | Elf:1    | Learned a level 6 spell: Iron Shot
 33206 | Elf:1    | Found Neruzot's Magic Scroll Shop.
 33215 | Elf:1    | Bought 2 scrolls of identify for 80 gold pieces
 34895 | Elf:2    | Noticed Roxanne
 34900 | Elf:2    | Killed Roxanne
 34948 | Elf:2    | Learned a level 9 spell: Shatter
 35134 | Elf:2    | Found a huge runed translucent gate.
 35134 | Elf:2    | Found a huge runed translucent gate.
 35134 | Elf:2    | Found a huge runed translucent gate.
 35135 | Elf:2    | Found a huge runed translucent gate.
 35137 | Elf:2    | Found a huge runed translucent gate.
 35173 | Elf:2    | Reached XP level 16. HP: 136/136 MP: 23/42
 35305 | Elf:2    | Reached skill level 18 in Earth Magic
 36628 | Elf:3    | Entered Level 3 of the Elven Halls
 36745 | Elf:3    | Reached skill level 19 in Earth Magic
 36867 | Elf:3    | Identified the ring "Voutuotu" {+Inv rPois rN++ Int-2
                  | Dex-2}
 36922 | Elf:3    | Found Mienteint's Jewellery Boutique.
 37457 | Elf:3    | Identified the ring of Viath {Fire Str+3 Dex+7}
 37458 | Elf:3    | Noticed a deep elf master archer
 37459 | Elf:3    | Reached skill level 20 in Earth Magic
 37460 | Elf:3    | Killed a deep elf master archer
 37466 | Elf:3    | Cast into level 3 of the Abyss (a deep elf sorcerer)
 37507 | Abyss:3  | Noticed an Executioner
 37517 | Abyss:3  | Killed an Executioner
 37517 | Abyss:3  | Reached XP level 17. HP: 103/143 MP: 7/43
 37713 | Abyss:3  | Learned a level 3 spell: Regeneration
 37740 | Elf:3    | Escaped the Abyss
 37826 | Elf:3    | Identified the +12 hand axe of Vozxown {flame, Fragile rF+
                  | Str+2} (You took it off a deep elf death mage on level 3 of
                  | the Elven Halls)
 37948 | Elf:3    | Identified Hitsomef's Disquisition on Talismans and the
                  | Rocks
 37951 | Elf:3    | Got a transparent ring mail
 37953 | Elf:3    | Identified the +1 ring mail of Evolution {rPois Int+3
                  | Stlth+} (You found it on level 3 of the Elven Halls)
 37962 | Elf:3    | Got a pair of bloodstained gloves
 37974 | Elf:3    | Identified the +2 pair of gloves "Cadit" {rPois Dex+4
                  | Stlth-} (You found it on level 3 of the Elven Halls)
 38432 | Elf:3    | Reached skill level 21 in Earth Magic
 39010 | Spider:1 | Entered Level 1 of the Spider Nest
 41346 | Spider:3 | Reached skill level 22 in Earth Magic
 41797 | Spider:4 | Entered Level 4 of the Spider Nest
 41872 | Spider:2 | HP: 14/321 [something (3)]
 41876 | Spider:2 | HP: 3/214 [something (9)]
 41876 | Spider:2 | Mangled by a ghost moth

Levels and vault maps discovered:
D:1:      dpeg_arrival_tiny_i, layout_basic, nrook_campfire, minivault_4
D:2:      layout_basic, grunt_temple_overflow_open,
          chequers_ecumenical_altar_island
D:3:      layout_loops_ring, vehumet_crystals, uniq_terence, uniq_natasha,
          uniq_crazy_yiuf_cottage
D:4:      layout_gridville, gammafunk_temple_overflow_arena, first_ration,
          kennysheep_generic_room_10, uniq_pikel
D:5:      layout_basic, cheibrodos_sewer_entry_drain, uniq_ijyb,
          uniq_blork_the_orc, uniq_edmund
D:6:      layout_loops_ring, nicolae_ossuary_entry_catacombs,
          roderic_nine_men_s_morris, nemelex_lonely_heart_becter
D:7:      layout_layer_cave, minmay_temple_entry_statues_pillars, the_bakery,
          item_on_display_a
D:8:      layout_basic, grunt_decor_fettered, minmay_quadrilaterals
D:9:      layout_basic, lair_entry_dummy, serial_shops,
          nicolae_shop_temple_entry_statues_fountains,
          nemelex_xobeh_ov_fountains_minmay
D:10:     layout_stronghold, ebering_ghost_rock_garden
D:11:     layout_stronghold, serial_ice, serial_ice_j, serial_ice_f,
          serial_ice_a, serial_ice_n, portal_ice_cave_entry_ice_beasts
D:12:     layout_loops_ring, david_orc_3
D:13:     layout_basic, gauntlet_entry_generic, nicolae_trove_entry_free_sample
D:14:     minmay_spotlight, layout_loops_corners, david_vaults_5
D:15:     grunt_enter_depths_hoard, layout_rooms, serial_rivers,
          chequers_serial_rivers_micro_e, chequers_serial_rivers_small_3,
          chequers_serial_rivers_large_b, chequers_serial_rivers_room_b,
          chequers_serial_rivers_micro_c, chequers_serial_rivers_small_b
Lair:1:   layout_gridlike, gammafunk_ghost_grave, roderic_batcave,
          serial_bayou_shore_a, grunt_megastairs_5
Lair:2:   layout_regular_city, guppyfry_lair_drakes, serial_bayou_shore_b,
          lemuel_fruit_tree, infiniplex_staircase_pool_2
Lair:3:   layout_cave_pods, shoals_dummy_entry, st_stairs_4, zaba_anthell
Lair:4:   layout_cave_shapes, dummy_spider_entry, grunt_megastairs_4,
          infiniplex_staircase_pool, serial_bayou_shore_b
Lair:5:   layout_roguey, dpeg_slime_entry_corner, grunt_megastairs_3, uniq_kirke
Lair:6:   hangedman_lair_caniforms_friends, layout_cave_shapes
Shoals:1: layout_shoals
Spider:1: layout_spider_delve, hangedman_spider_tarantella_strand
Spider:2: layout_chambers, guppyfry_spider_mini_1
Spider:3: layout_spider_delve
Spider:4: floodkiller_spider_rune_tomb
Orc:1:    layout_caves, serial_shops, shop, mines2_david, uniq_gastronok
Orc:2:    st_orc_congregation, layout_caves, nicolae_orc_flooded_monolith
Elf:1:    eino_elf_arrival_altar, layout_onion_city, serial_shops,
          nicolae_shop_waterfront, minmay_elf_sorcery
Elf:2:    layout_loops_corners, wad_floor_pattern_untrapped, uniq_roxanne
Elf:3:    minmay_elf_hall_curves, layout_geoelf_diagonals, serial_shops, shop,
          nicolae_elf_m_pinch, st_stairs_6

Skill      XL: |  1  2  3  4  5  6  7  8  9 10 11 12 13 14 15 16 17 |
---------------+----------------------------------------------------+-----
Spellcasting   | 2 3 4 5 6 7 9 10 11 12 14 17 | 17.1
Earth Magic    | 3 4 6 8 10 11 13 14 15 17 20 22 | 22.1
Fighting       | 2 5 7 9 10 | 10.9
Dodging        | |  1.7
Stealth        | |  1.7
Transmutations | |  0.8

Action                   |  1- 3 |  4- 6 |  7- 9 | 10-12 | 13-15 | 16-18 || total
-------------------------+-------+-------+-------+-------+-------+-------++-------
Melee: Spear             |    96 |    15 |       |       |       |       ||   111
       Unarmed           |    15 |       |       |       |       |       ||    15
       Short sword       |       |    34 |   252 |    34 |       |       ||   320
       Staff             |       |       |       |    36 |   118 |    10 ||   164
       Quarterstaff      |       |       |       |       |       |    16 ||    16
Throw: Stone             |       |       |       |       |     2 |     2 ||     4
 Cast: Sandblast         |    26 |    82 |    74 |   142 |   268 |    36 ||   628
       Stone Arrow       |       |       |   100 |    95 |   252 |     5 ||   452
       Lee's Rapid Decon |       |       |    14 |   116 |   306 |   176 ||   612
       Passwall          |       |       |     2 |       |       |       ||     2
       Petrify           |       |       |       |     8 |     7 |       ||    15
       Blink             |       |       |       |     1 |     3 |     7 ||    11
       Shatter           |       |       |       |       |       |    30 ||    30
       Iron Shot         |       |       |       |       |       |    15 ||    15
Evoke: Wand              |       |     3 |     6 |    13 |    30 |    22 ||    74
       Sack of spiders   |       |       |       |       |     1 |       ||     1
  Use: Scroll            |     3 |     2 |    11 |     8 |    15 |    14 ||    53
       Potion            |     1 |       |     2 |     4 |     5 |     5 ||    17
 Stab: Sleeping          |     6 |     3 |    11 |     2 |       |       ||    22
       Paralysed         |       |       |     8 |       |       |       ||     8
  Eat: Chunk             |     3 |     4 |    17 |    34 |    42 |     4 ||   104
       Ration            |       |     1 |     1 |     2 |     6 |     7 ||    17
Armor: Robe              |    24 |    12 |    99 |    83 |   197 |    56 ||   471
       Skin              |       |       |       |       |       |   118 ||   118
Dodge: Dodged            |    76 |    48 |   195 |   164 |   361 |    70 ||   914
